 Dungeon Crawl Stone Soup version 0.19.1 (webtiles) character file.

2203 omegacute the Bludgeoner (level 9, -4/84 HPs)
             Began as an Ogre Berserker on Dec 1, 2016.
             Was an Elder of Trog.
             Slain by a hog (7 damage)
             ... on level 7 of the Dungeon.
             The game lasted 00:19:28 (6560 turns).

omegacute the Bludgeoner (Ogre Berserker)           Turns: 6560, Time: 00:19:30

Health: -4/84      AC:  4    Str: 27    XL:     9   Next: 34%
Magic:  9/9        EV: 10    Int:  6    God:    Trog [****..]
Gold:   431        SH:  0    Dex:  9    Spells: 0 memorised, 8 levels left

rFire  . . .     SeeInvis .     y - +0 flail
rCold  . . .     Gourm    .     b - +0 animal skin
rNeg   . . .     Faith    .     (no shield)
rPois  .         Spirit   .     (helmet restricted)
rElec  .         Reflect  .     C - +0 cloak
rCorr  .         Harm     .     (gloves unavailable)
MR     ++...                    (boots unavailable)
Stlth  ++........               (no amulet)
                                (no ring)
                                F - ring of stealth

@: exhausted, regenerating, slowed, very slow
A: unfitting armour, tough skin 1
a: Berserk, Trog's Hand, Brothers in Arms, Burn Spellbooks, Renounce Religion


You were on level 7 of the Dungeon.
You worshipped Trog.
Trog was greatly pleased with you.
You were near starving.

You visited 1 branch of the dungeon, and saw 7 of its levels.
You also visited: Sewer.

You collected 431 gold pieces.

Inventory:

Hand Weapons
 y - a +0 flail (weapon)
Armour
 b - a +0 animal skin (worn)
 C - a +0 cloak (worn)
Jewellery
 F - a ring of stealth (left hand)
Wands
 f - a wand of heal wounds (5/9)
 t - a wand of polymorph (7/24)
 H - a wand of paralysis (10/24)
 K - a wand of random effects (23/48)
Scrolls
 a - a scroll of recharging {unknown}
 d - 3 scrolls of fog {unknown}
 g - 2 scrolls of enchant armour {unknown}
 h - 2 scrolls of magic mapping {unknown}
 i - 7 scrolls of remove curse {unknown}
 l - 3 scrolls of teleportation {unknown}
 m - 3 scrolls of immolation {unknown}
 n - a scroll of fear {unknown}
 r - 5 scrolls of identify {unknown}
 w - 2 scrolls of enchant weapon {unknown}
 x - a scroll of noise {unknown}
 A - 3 scrolls of blinking {unknown}
 G - a scroll of random uselessness {unknown}
Potions
 e - 5 potions of heal wounds {unknown}
 j - 6 potions of curing {unknown}
 k - 5 potions of flight {unknown}
 o - 2 potions of berserk rage {unknown}
 p - a potion of cancellation {unknown}
 q - a potion of degeneration {unknown}
 s - a potion of brilliance {unknown}
 u - a potion of lignification {unknown}
 v - a potion of agility {unknown}
 z - a potion of magic {unknown}
 D - a potion of mutation {unknown}
 J - a potion of haste {unknown}
Comestibles
 c - 8 bread rations
 B - 2 meat rations
 I - a royal jelly


   Skills:
 - Level 4.0 Fighting
 + Level 15.2 Maces & Flails
 - Level 2.6 Dodging


You had 8 spell levels left.
You didn't know any spells.

Dungeon Overview and Level Annotations

Branches:
Dungeon (7/15)
 Temple: D:4-7

Altars:
Cheibriados
Kikubaaqudgha
Sif Muna
Xom
Zin
The Shining One

Shops:
D:7 !

Annotations:
D:5 Grinder


Innate Abilities, Weirdness & Mutations

You are too large for most types of armour.
You have tough skin. (AC +1)


Message History

You feel yourself slow down.
You now have 17/84 hp.
Your skin crawls.
You feel resistant to hostile enchantments.
You are near starving!
The hog bites you but does no damage. The hog bites you!
* * * LOW HITPOINT WARNING * * *
You take 6 damage, and have 12/84 hp.
The hog bites you.
* * * LOW HITPOINT WARNING * * *
You take 3 damage, and have 9/84 hp.
The hog barely misses you.
You regained 2 hp, and now have 11/84 hp.
The hog bites you!
* * * LOW HITPOINT WARNING * * *
The hog bites you.
* * * LOW HITPOINT WARNING * * *
The hog bites you!
You die...

.....####...#.#
#.# .....#
#####.# #.#
.....# #.# #.#
.....# #.# #.#
..####
#.#####.# ..#
#.....#.# ###
###.....#
#..#######
#h@#%%#..#
#hh#%.#..#
#..#..'..#
#..#h/#..#
##.#.h#..#
#.#h#####
#....# #...##
#####


You could see 3 hogs.

Vanquished Creatures
  A hippogriff (D:7)
  The ghost of dscm the Magician, an amateur OpWz (D:4)
  A human (D:7)
  The ghost of omegacute the Cudgeler, an amateur OgBe of Trog (D:3)
  Purgy (Sewer)
  2 orc warriors
  An ice beast (D:5)
  2 phantoms
  A sky beast (D:6)
  A centaur (D:3)
  2 bullfrogs
  A scorpion (D:7)
  A bullfrog zombie (D:6)
  3 hounds
  3 orc priests
  2 orc wizards
  Crazy Yiuf (D:2)
  An iguana (D:6)
  4 worker ants
  Natasha (thrice) (D:2)
  A worker ant zombie (D:5)
  6 adders
  2 shadow imps
  An ooze (D:2)
  2 adder zombies (D:6)
  An adder skeleton (D:7)
  2 worms
  5 dart slugs
  9 leopard geckos
  21 orcs
  2 ball pythons
  10 bats
  4 giant cockroaches
  9 goblins
  6 hobgoblins
  8 jackals (D:2)
  11 kobolds
  A quokka (D:7)
  A ball python skeleton (D:3)
  2 frilled lizards
  A leopard gecko skeleton (D:4)
  11 rats
  2 fungi (D:2)
151 creatures vanquished.

Notes
Turn   | Place    | Note
-------+----------+-------------------------------------------
     0 | D:1      | omegacute the Ogre Berserker began the quest for the Orb.
     0 | D:1      | Reached XP level 1. HP: 24/24 MP: 1/1
    29 | D:1      | Reached XP level 2. HP: 8/32 MP: 2/2
   380 | D:1      | Reached skill level 5 in Maces & Flails
   720 | D:1      | Reached XP level 3. HP: 37/39 MP: 3/3
   967 | D:1      | Reached skill level 6 in Maces & Flails
   967 | D:1      | Reached XP level 4. HP: 28/48 MP: 4/4
   968 | D:1      | Reached ** piety under Trog
  1332 | D:2      | Noticed Natasha
  1340 | D:2      | Killed Natasha
  1340 | D:2      | Reached skill level 7 in Maces & Flails
  1664 | D:2      | Noticed Natasha
  1672 | D:2      | Killed Natasha
  1672 | D:2      | Reached XP level 5. HP: 54/54 MP: 5/5
  1784 | D:2      | Found a snail-covered altar of Cheibriados.
  1878 | D:2      | Noticed Natasha
  1883 | D:2      | Killed Natasha
  1911 | D:2      | Reached skill level 8 in Maces & Flails
  2090 | D:2      | Reached *** piety under Trog
  2266 | D:2      | Found a deep blue altar of Sif Muna.
  2414 | D:2      | Found a runed door.
  2418 | D:2      | Noticed Crazy Yiuf
  2422 | D:2      | Killed Crazy Yiuf
  2654 | D:3      | Reached XP level 6. HP: 54/62 MP: 6/6
  2714 | D:3      | Noticed omegacute's ghost (amateur OgBe)
  2726 | D:3      | Killed omegacute's ghost
  2726 | D:3      | Reached skill level 9 in Maces & Flails
  3103 | D:4      | Found a glowing drain.
  3159 | Sewer    | Entered a sewer
  3203 | Sewer    | Noticed Purgy
  3212 | Sewer    | Killed Purgy
  3212 | Sewer    | Reached skill level 10 in Maces & Flails
  3212 | Sewer    | Reached XP level 7. HP: 70/70 MP: 7/7
  3353 | D:4      | Noticed dscm's ghost (amateur OpWz)
  3367 | D:4      | Killed dscm's ghost
  3367 | D:4      | Reached skill level 11 in Maces & Flails
  3905 | D:5      | Entered Level 5 of the Dungeon
  3985 | D:5      | Noticed Grinder
  4007 | D:5      | Received a gift from Trog
  4272 | D:5      | Found a glowing golden altar of the Shining One.
  4307 | D:5      | Reached XP level 8. HP: 78/78 MP: 8/8
  4522 | D:5      | Reached skill level 12 in Maces & Flails
  5050 | D:6      | Identified the Catalogue of the Snowflakes and the Rocks
  5086 | D:6      | Reached skill level 13 in Maces & Flails
  5229 | D:6      | Found a glowing silver altar of Zin.
  5235 | D:6      | Found an ancient bone altar of Kikubaaqudgha.
  5242 | D:6      | Reached **** piety under Trog
  5370 | D:6      | Found a shimmering altar of Xom.
  5956 | D:6      | Reached skill level 14 in Maces & Flails
  6055 | D:7      | Noticed a hippogriff
  6061 | D:7      | Reached XP level 9. HP: 49/84 MP: 9/9
  6079 | D:7      | HP: 2/84 [phantom (8)]
  6175 | D:7      | Found Nugg's Distillery.
  6435 | D:7      | Reached skill level 15 in Maces & Flails
  6560 | D:7      | HP: 3/84 [hog (3)]
  6560 | D:7      | Slain by a hog

Skill      XL: |  1  2  3  4  5  6  7  8  9 |
---------------+----------------------------+-----
Maces & Flails | 5 6 7 8 10 11 14 15 | 15.2
Fighting       | |  4.0
Dodging        | |  2.6

Action                   |  1- 3 |  4- 6 |  7- 9 || total
-------------------------+-------+-------+-------++-------
Melee: Mace              |    76 |   183 |       ||   259
       Flail             |       |    30 |   279 ||   309
Invok: Berserk           |     2 |     6 |     7 ||    15
       Trog's Hand       |       |       |     3 ||     3
       Burn Spellbooks   |       |       |     1 ||     1
 Stab: Sleeping          |       |     1 |     3 ||     4
       Distracted        |       |       |     1 ||     1
  Eat: Chunk             |     1 |    12 |    12 ||    25
       Pizza             |       |     1 |       ||     1
       Meat ration       |       |       |     1 ||     1
Armor: Animal skin       |    13 |    89 |    50 ||   152
Dodge: Dodged            |    34 |   143 |   111 ||   288
